 Dungeon Crawl Stone Soup version 0.27-a0-1525-g1038ab4fd7 (webtiles) character file.

Game seed: 8203717718115120173

996 raph the Ducker (level 8, -6/55 HPs)
             Began as a Djinni Fire Elementalist on July 10, 2021.
             Mangled by Duvessa (15 damage)
             ... on level 4 of the Dungeon.
             The game lasted 00:13:24 (8974 turns).

raph the Ducker (Djinni Fire Elementalist)          Turns: 8974, Time: 00:13:24

Health: -6/55      AC:  2    Str:  7    XL:     8   Next: 42%
Gold:   269        EV: 14    Int: 18    God:
                   SH:  0    Dex: 15

rFire    + + +     SeeInvis +   a - +2 short sword (speed)
rCold    x . .     Faith    .   (no shield)
rNeg     . . .     Spirit   .   f - +0 robe
rPois    ∞         Reflect  .   (no helmet)
rElec    .         Harm     .   (no cloak)
rCorr    .         Rampage  .   (no gloves)
Will     .....                  (boots unavailable)
Stlth    +++.......             (no amulet)
HPRegen  0.18/turn              e - ring of see invisible
MPRegen  0.00/turn              i - ring of protection from fire

@: about to teleport, flying
A: sickness immunity, fire resistance 2, cold vulnerability 1, float, innate
caster, hp casting, extra vitality 1
a: no special abilities


You were on level 4 of the Dungeon.
You visited 1 branch of the dungeon, and saw 4 of its levels.

You collected 269 gold pieces.

Inventory:

Hand Weapons
 a - a +2 short sword of speed (weapon)
 c - a +0 dagger
Missiles
 g - 85 stones
 m - a throwing net
Armour
 f - a +0 robe (worn)
Jewellery
 e - a ring of see invisible (left hand)
 i - a ring of protection from fire (right hand)
Potions
 b - 3 potions of lignification
 h - 2 potions of might {unknown}
 k - a potion of heal wounds {unknown}


   Skills:
 + Level 2.4 Fighting
 + Level 5.3 Dodging
 + Level 4.3 Stealth
 * Level 5.2 Spellcasting


You couldn't memorise any spells.
You knew the following spells:

 Your Spells              Type           Power      Damage    Failure   Level
a - Foxfire               Conj/Fire      92%        2x1d8     1%          1
b - Conjure Flame         Conj/Fire      23%        6-21      4%          3
c - Inner Flame           Hex/Fire       23%        N/A       4%          3
d - Sticky Flame          Conj/Fire      23%        2d4       16%         4
e - Fireball              Conj/Fire      11%        3d7       38%         5
f - Sandblast             Erth           46%        2d11      1%          1
g - Searing Ray           Conj           46%        3d4       2%          2
h - Vampiric Draining     Necr           11%        2d7       4%          3
Your spell library was empty.

Dungeon Overview and Level Annotations

Branches:
Dungeon (4/15)
 Temple: D:4-7

Altars:

Annotations:
D:4 Duvessa


Innate Abilities, Weirdness & Mutations

You are immune to sickness and miasma.
You are immune to poison.
Your flesh is very heat resistant. (rF++)
You are vulnerable to cold. (rC-)
You float through the air rather than walking.
You learn spells naturally, not from books.
Your magical power is your life essence.
You have superior vitality. (+4 HP)


Message History

The foxfire hits Dowan.
Dowan is severely wounded.
Casting: Foxfire (safe; 1% risk of failure)
Confirm with . or Enter, or press ? or * to list all spells.
You conjure some foxfire!
The foxfire hits Dowan.
Dowan is severely wounded.
The foxfire hits Dowan but does no damage.
Dowan is severely wounded.
The foxfire hits Duvessa.
Duvessa is lightly wounded.
Dowan says, "Stay away from my face!"
The foxfire hits Dowan.
You kill Dowan!
Duvessa screams, "No!
How DARE you!"
Duvessa goes berserk!
The foxfire hits Duvessa but does no damage.
Duvessa is lightly wounded.
Casting: Foxfire (safe; 1% risk of failure)
Confirm with . or Enter, or press ? or * to list all spells.
The fire begins to smoulder!
Duvessa smothers the flame.
Casting: Conjure Flame (dangerous; 4% risk of failure)
Confirm with . or Enter, or press ? or * to list all spells.
Aiming: Sticky Flame (quite dangerous; 16% risk of failure)
Press: ? - help, Shift-Dir - straight line, f - Duvessa
Aim: Duvessa, wielding a +4 short sword of holy wrath and wearing a +0 ring mail (lightly wounded, berserk, 100% to hit)
The sticky flame hits Duvessa.
Duvessa is lightly wounded.
Duvessa is covered in liquid flames!
Duvessa burns!
Duvessa closely misses you. Duvessa misses you.
Duvessa burns!
Duvessa burns!
Duvessa hits you with a +4 short sword of holy wrath!!
Duvessa burns!
Duvessa stops burning.
Duvessa hits you with a +4 short sword of holy wrath!
* * * LOW HITPOINT WARNING * * *
As you read the scroll of teleportation, it crumbles to dust.
You feel strangely unstable.
Duvessa hits you with a +4 short sword of holy wrath!
You die...

#..# #.#
#.#####..
#..# #.#
#.......#
#..# #.#
#########
####.>####
#.#
#........#
#.#
#.######.#
#.# # #.#
#.# #@#
##e####.#
#......#
#..####.#
###.### #.
#.....## #.
#.....###..#
#. #####.
#...# #. #
#..)..##.


You could see Duvessa (berserk).

Vanquished Creatures
  A black bear (D:4)
  3 ogres
  2 scorpions (D:4)
  Dowan (D:4)
  4 hounds (D:4)
  2 jellies (D:4)
  Ijyb (D:3)
  2 orc wizards (D:4)
  A hound skeleton (D:4)
  Robin (D:4)
  6 adders
  4 worms
  4 dart slugs
  13 orcs
  12 ball pythons
  8 endoplasms
  4 giant cockroaches
  23 goblins
  16 hobgoblins
  5 jackals
  7 kobolds
  4 quokkas
  5 bats
  2 frilled lizards (D:1)
  3 rats
134 creatures vanquished.

Vanquished Creatures (collateral kills)
  4 foxfires (D:1)
4 creatures vanquished.

Vanquished Creatures (others)
  312 foxfires
  A plant (D:1)
313 creatures vanquished.

Grand Total: 451 creatures vanquished

Notes
Turn   | Place    | Note
-------+----------+-------------------------------------------
     0 | D:1      | raph the Djinni Fire Elementalist began the quest for the
                  | Orb.
     0 | D:1      | Reached XP level 1. HP: 15/15 MP: 0/0
   574 | D:1      | Reached XP level 2. HP: 19/21 MP: 0/0
  1278 | D:1      | Found a faded altar of an unknown god.
  1300 | D:1      | Reached XP level 3. HP: 22/25 MP: 0/0
  1300 | D:1      | Learned a level 1 spell: Sandblast
  2851 | D:2      | Reached XP level 4. HP: 26/31 MP: 0/0
  4602 | D:3      | Reached XP level 5. HP: 25/35 MP: 0/0
  4602 | D:3      | Learned a level 2 spell: Searing Ray
  4954 | D:3      | Noticed an ogre
  5201 | D:3      | Killed an ogre
  5202 | D:3      | Reached XP level 6. HP: 32/40 MP: 0/0
  5786 | D:4      | Noticed an ogre
  5798 | D:4      | Killed an ogre
  6036 | D:4      | Reached XP level 7. HP: 34/45 MP: 0/0
  6036 | D:4      | Learned a level 3 spell: Vampiric Draining
  6276 | D:4      | Noticed Duvessa
  6277 | D:4      | Noticed Dowan
  6979 | D:4      | Reached skill level 1 in Fighting
  7361 | D:4      | Noticed Ijyb
  7527 | D:3      | Killed Ijyb
  7783 | D:4      | Noticed Robin
  7865 | D:4      | Killed Robin
  7872 | D:4      | Reached XP level 8. HP: 7/53 MP: 0/0
  8308 | D:4      | Reached skill level 5 in Dodging
  8482 | D:4      | Reached skill level 5 in Spellcasting
  8966 | D:4      | Killed Dowan
  8974 | D:4      | Mangled by Duvessa

Illustrated notes

Levels and vault maps discovered:
D:1:      dpeg_arrival_round_c, layout_basic,
          chequers_ecumenical_altar_simple_redux, serial_forest,
          infiniplex_forest_clump_medium, infiniplex_forest_split,
          infiniplex_forest_end_1, infiniplex_forest_lined_3,
          infiniplex_forest_clump_C, infiniplex_forest_end_3,
          infiniplex_forest_end_3, chequers_serial_rivers_large_a,
          minmay_misc_feat_diagonals, minmay_tromino_i4
D:2:      kb_forest_paths, layout_basic, hangedman_decor_points
D:3:      layout_rooms, kennysheep_generic_room_11
D:4:      layout_loops_ring, lemuel_zombie_altar_kikubaaqudgha,
          minmay_joined_circles, uniq_ijyb, uniq_robin, uniq_duvessa

Skill      XL: |  1  2  3  4  5  6  7  8 |
---------------+-------------------------+-----
Stealth        | 2 3 4 |  4.3
Dodging        | 3 4 5 |  5.3
Spellcasting   | 3 4 5 |  5.2
Fighting       | 1 2 |  2.4

Action                   |  1- 3 |  4- 6 |  7- 9 || total
-------------------------+-------+-------+-------++-------
Melee: Unarmed           |     1 |       |       ||     1
       Dagger            |     1 |    30 |       ||    31
       Short sword       |       |    19 |    26 ||    45
 Cast: Foxfire           |    61 |    69 |    60 ||   190
       Sandblast         |       |    22 |    27 ||    49
       Sticky Flame      |       |     1 |     3 ||     4
       Searing Ray       |       |       |     6 ||     6
       Conjure Flame     |       |       |     4 ||     4
  Use: Scroll            |       |     2 |     3 ||     5
       Potion            |       |     1 |       ||     1
 Stab: Sleeping          |       |     2 |     1 ||     3
Armor: Robe              |     7 |     9 |     3 ||    19
       Skin              |       |     5 |       ||     5
Dodge: Dodged            |    21 |    59 |    28 ||   108

Table legend: (Time is in decaauts)
 A = Elapsed time spent in this place.
 B = Non-inter-level travel time spent in this place.
 C = Inter-level travel time spent in this place.
 D = Time resting spent in this place.
 E = Time spent auto-exploring this place.
 F = Levels seen in this place.
 G = Mean time per level.
                   A        B        C        D        E       F      G
               +--------+--------+--------+--------+--------+-----+--------+
         Total |   8967 |   8605 |    362 |   4507 |   3046 |   4 | 2241.8 |
       Dungeon |   8967 |   8605 |    362 |   4507 |   3046 |   4 | 2241.8 |
               +--------+--------+--------+--------+--------+-----+--------+

Top non-repeatable levels by time:
     D:1: 2806 daAuts
     D:4: 2275 daAuts
     D:3: 2168 daAuts
     D:2: 1718 daAuts
